 Dungeon Crawl Stone Soup version 0.19-a0-1899-g2d93087 (webtiles) character file.

39 Naow the Sneak (level 3, -1/16 HPs)
             Began as a Spriggan Enchanter on Oct 20, 2016.
             Slain by an adder (3 damage)
             ... on level 2 of the Dungeon.
             The game lasted 00:01:57 (1006 turns).

Naow the Sneak (Spriggan Enchanter)                 Turns: 1006, Time: 00:01:58

Health: -1/16      AC:  3    Str:  4    XL:     3   Next: 26%
Magic:  2/8        EV: 19    Int: 16    God:
Gold:   70         SH:  0    Dex: 17    Spells: 2 memorised, 5 levels left

rFire  . . .     SeeInvis +     a - +1 dagger
rCold  . . .     Gourm    .     b - +1 robe
rNeg   . . .     Faith    .     (shield restricted)
rPois  .         Spirit   .     (helmet restricted)
rElec  .         Reflect  .     (no cloak)
rCorr  .         Harm     .     (gloves unavailable)
MR     .....                    (boots unavailable)
Stlth  +++.......               (no amulet)
                                (no ring)
                                (no ring)

@: very quick
A: unfitting armour, see invisible, herbivore 3, speed 3, slow metabolism 2
a: no special abilities


You were on level 2 of the Dungeon.
You were not hungry.

You visited 1 branch of the dungeon, and saw 2 of its levels.

You collected 70 gold pieces.

Inventory:

Hand Weapons
 a - a +1 dagger (weapon)
Armour
 b - a +1 robe (worn)
Wands
 l - a wand of digging (15/24)
Scrolls
 f - 2 scrolls of teleportation {unknown}
 h - a scroll of identify {unknown}
 i - a scroll of remove curse {unknown}
 j - a scroll of recharging {unknown}
Potions
 e - a potion of might {unknown}
 g - a potion of cure mutation {unknown}
 k - a potion of degeneration {unknown}
 m - a potion of cancellation {unknown}
Books
 c - a book of Maledictions

   Spells                             Type                      Level
   a - Corona                         Hexes                        1
   b - Ensorcelled Hibernation        Hexes/Ice                    2
   c - Confuse                        Hexes                        3
   d - Tukima's Dance                 Hexes                        3
   e - Dazzling Spray                 Conjuration/Hexes            3
Comestibles
 d - 2 bread rations


   Skills:
 + Level 1.9 Short Blades
 + Level 3.9 Dodging
 + Level 4.8 Stealth
 + Level 3.0 Spellcasting
 + Level 3.9 Hexes


You had 5 spell levels left.
You knew the following spells:

 Your Spells              Type           Power        Failure   Level  Hunger
a - Corona                Hex            ###....      4%          1    #......
b - Ensorcelled Hibernat  Hex/Ice        #.....       14%         2    ##.....


Dungeon Overview and Level Annotations

Branches:
Dungeon (2/15)

Altars:


Innate Abilities, Weirdness & Mutations

You are very small and have problems with some larger weapons.
You are too small for most types of armour.
You have supernaturally acute eyesight. (SInv)
You are a herbivore.
You cover ground extremely quickly.
You need consume almost no food.


Message History

The adder bites you but does no damage.
Casting: Ensorcelled Hibernation
Confirm with . or Enter, or press ? or * to list all spells.
You don't know that spell.
Unknown command.
Casting: Ensorcelled Hibernation
Confirm with . or Enter, or press ? or * to list all spells.
Aiming: Ensorcelled Hibernation
Press: ? - help, Shift-Dir - straight line, f/p - adder
Aim: an adder (heavily wounded, chance to defeat MR: 49%)
The adder resists with some effort.
The adder misses you.
You are too injured to fight recklessly!
You are too injured to fight recklessly!
You are too injured to fight recklessly!
You are too injured to fight recklessly!
You hit the adder.
The adder is heavily wounded.
The adder bites you.
You die...

#.......
#####.######
#[..#.#####
#.#.#.....##
#.#.#.......
#.#.#.###)#.
#######.#.#.###.#.
#.................
#@S.......#.###.#.
#.........#.# #.#.
#######.#.#.###.#.
#>..........
###....##.#.
#..<.##.#.
#....##.## #.†..#
#....#


You could see an adder.

Vanquished Creatures
  Robin (D:2)
  A leopard gecko (D:2)
  3 giant cockroaches
  9 goblins
  2 hobgoblins
  2 kobolds (D:1)
  3 bats
  2 frilled lizards
  A rat (D:1)
24 creatures vanquished.

Notes
Turn   | Place    | Note
-------+----------+-------------------------------------------
     0 | D:1      | Naow the Spriggan Enchanter began the quest for the Orb.
     0 | D:1      | Reached XP level 1. HP: 9/9 MP: 5/5
   337 | D:1      | Reached XP level 2. HP: 3/13 MP: 6/6
   365 | D:1      | Learned a level 2 spell: Ensorcelled Hibernation
   907 | D:2      | Noticed Robin
   912 | D:2      | Killed Robin
   912 | D:2      | Reached XP level 3. HP: 12/16 MP: 2/8
  1006 | D:2      | Slain by an adder

Vault maps used:
D:1:      evilmike_arrival_hilbert_curve
D:2:      uniq_natasha, uniq_iyjb, uniq_robin

Skill      XL: |  1  2 |
---------------+-------+-----
Spellcasting   | 3 |  3.0
Short Blades   | |  1.9
Dodging        | |  3.9
Stealth        | |  4.8
Hexes          | |  3.9

Action                   || total
-------------------------++-------
Melee: Dagger            ||   119
 Cast: Ensorcelled Hiber ||     7
 Stab: Sleeping          ||     8
Armor: Robe              ||    16
Dodge: Dodged            ||   121
